 Seeded DCSS version 0.30-a0-777-ga9a30cbeda (webtiles) character file.

Game seed: 17258494682202448554 (custom seed)

2 Iich the Trooper (level 1, 19/20 HPs)
             Began as a Hill Orc Fighter on Feb 13, 2023.
             Got out of the dungeon alive.
             The game lasted 00:00:28 (105 turns).

Iich the Trooper (Hill Orc Fighter)                  Turns: 105, Time: 00:00:28

Health: 19/20      AC:  6    Str: 18    XL:     1   Next: 40%
Magic:  1/1        EV:  9    Int:  8    God:
Gold:   0          SH:  4    Dex: 10    Spells: 0/0 levels left

rFire   . . .      SeeInvis .    a - +0 war axe
rCold   . . .      Faith    .    c - +0 buckler
rNeg    . . .      Spirit   .    b - +0 scale mail
rPois   .          Reflect  .    (no helmet)
rElec   .          Harm     .    (no cloak)
rCorr   .          Rampage  .    (no gloves)
Will    .....                    (no boots) Stlth
                                 (no amulet)
HPRegen 0.23/turn                (no ring)
MPRegen 0.07/turn                (no ring)

@: no status effects
A: no striking features
a: no special abilities


You escaped.
You visited 1 branch of the dungeon, and saw 1 of its levels.

Inventory:

Hand Weapons
 a - a +0 war axe (weapon)
Armour
 b - a +0 scale mail (worn)
 c - a +0 buckler (worn)
 e - a +0 pair of gloves
Potions
 d - a potion of might


   Skills:
 + Level 3.7 Fighting
 * Level 3.0 Axes
 - Level 3.2 Armour
 - Level 3.2 Shields


You couldn't memorise any spells.
You didn't know any spells.
Your spell library was empty.

Dungeon Overview and Level Annotations

Branches:
Dungeon (1/15)

Altars:


Message History

You barely miss the bat. The bat hits you but does no damage.
You block the bat's attack. The bat hits you but does no damage.
The bat hits you but does no damage.
You slash the bat!
You kill the bat!
Your Axes skill increases to level 3!
You see here a bat corpse.
HP restored.
You open the door.
Found a stone staircase leading down.
There is an open door here.
e - a +0 pair of gloves Welcome back, Iich the Hill Orc Fighter.
Game seed: 17258494682202448554 (custom seed) Press ? for a list of commands and other information.
There is an open door here.
A kobold comes into view. It is wielding a +0 dagger.
Found a scroll labelled UTOYRGH RU WISO.
The kobold shouts!
The kobold moves out of view.
A ball python comes into view.
The ball python hisses angrily.
You see here a bat corpse.
Things that are here:
a stone; a +0 whip You enter the shallow water.
Moving in this stuff is going to be slow.
The kobold hits you with a +0 dagger. The kobold barely misses you.
The kobold attacks as you move away! You block the kobold's attack.
There is a staircase leading out of the dungeon here.
Are you sure you want to leave the Dungeon?
This will make you lose the game!
Alright, then stay!
Unknown command.
Are you sure you want to leave the Dungeon?
This will make you lose the game!
Uppercase [Y]es or [N]o only, please.
Are you sure you want to leave the Dungeon?
This will make you lose the game!
Uppercase [Y]es or [N]o only, please.
Are you sure you want to leave the Dungeon?
This will make you lose the game! The kobold hits you but does no damage.
You have escaped!

#####
##.@K##
#...S.##
#.#8~8#.#
# #≈≈≈#.#
#8≈8#.# #
#≈≈≈#.#
#.#8~8#.#
#.....####
###.####.#


You could see a ball python and a kobold.

Vanquished Creatures
  A bat (D:1)
  A kobold (D:1)
2 creatures vanquished.

Notes
Turn   | Place    | Note
-------+----------+-------------------------------------------
     0 | D:1      | Iich the Hill Orc Fighter began the quest for the Orb.
     0 | D:1      | Reached XP level 1. HP: 19/19 MP: 1/1
   105 | D:$      | Got out of the dungeon alive.

Illustrated notes

Levels and vault maps discovered:
D:1:      lightli_arrival_statue_moat, layout_basic,
          hellmonk_ecumenical_altar_blasted, minmay_misc_feat_room

Skill      XL: |  1 |
---------------+----+-----
Axes           | 3 |  3.0
Fighting       | |  3.7
Armour         | |  3.2
Shields        | |  3.2

Action                     || total
---------------------------++-------
  Melee: War axe           ||     7
 Armour: Scale mail        ||     8
  Dodge: Dodged            ||     8
  Block: Buckler           ||     3

Table legend: (Time is in decaauts)
 A = Elapsed time spent in this place.
 B = Non-inter-level travel time spent in this place.
 C = Inter-level travel time spent in this place.
 D = Time resting spent in this place.
 E = Time spent auto-exploring this place.
 F = Levels seen in this place.
 G = Mean time per level.
                   A        B        C        D        E       F      G
               +--------+--------+--------+--------+--------+-----+--------+
         Total |    108 |    108 |      0 |      0 |     57 |   1 |  108.0 |
       Dungeon |    108 |    108 |      0 |      0 |     57 |   1 |  108.0 |
               +--------+--------+--------+--------+--------+-----+--------+

Top non-repeatable levels by time:
     D:1: 108 daAuts
